PAA
LANNISTER UNITED LIONHEARTS @ MYRTLE BEACH MERMEN
09/02/2022
 
TOP OF THE 1ST
Lannister United Lionhearts batting - Pitching for Myrtle Beach Mermen : RHP Juan Martínez
Pitching: RHP Juan Martínez
Batting: LHB Gabriel Córdova 0-0: Ball
1-0: Ground out 1-3 (Groundball, 13)
Batting: RHB Javier Chávez 0-0: Ball
1-0: Foul Ball, location: 2F
1-1: Reached on error, E4 (Groundball, 4)
Batting: RHB Curt Johnston 0-0: Called Strike
Javier Chávez steals 2nd base
0-1: Ball
Javier Chávez steals 3rd base
1-1: Swinging Strike
1-2: Strikes out swinging
Batting: LHB Kenko Ueda 0-0: Ball
1-0: Ball
2-0: Ball
3-0: Called Strike
3-1: Called Strike
3-2: Base on Balls
Batting: RHB Edgar Carrillo 0-0: Ball
1-0: Called Strike
1-1: Fly out, F8 (Line Drive, 8LM)
Top of the 1st over - 0 run(s), 0 hit(s), 1 error(s), 2 left on base; Lannister United 0 - Myrtle Beach 0
BOTTOM OF THE 1ST
Myrtle Beach Mermen batting - Pitching for Lannister United Lionhearts : RHP Gonçalo Conxacha
Pitching: RHP Gonçalo Conxacha
Batting: RHB Matt Love 0-0: Foul Ball, location: 2F
0-1: Ground out 6-3 (Groundball, 6)
Batting: LHB Arturo Acevedo 0-0: Called Strike
0-1: Ball
1-1: Swinging Strike
1-2: Strikes out looking
Batting: RHB Álex Rodríguez 0-0: SINGLE (Line Drive, 56)
Batting: RHB Alfredo López 0-0: Ball
1-0: Ball
2-0: Ball
3-0: Called Strike
3-1: Base on Balls
Álex Rodríguez to second
Batting: LHB Joe Cashmore 0-0: Ball
1-0: Ball
2-0: Ball
3-0: Base on Balls
Álex Rodríguez to third
Alfredo López to second
Batting: RHB Javier Robles 0-0: Ball
1-0: SINGLE (Flyball, 9LS)
Álex Rodríguez scores
Alfredo López to third
Joe Cashmore to second
Runner from 3rd tries for Home, throw and OUT!
Bottom of the 1st over - 1 run(s), 2 hit(s), 0 error(s), 2 left on base; Lannister United 0 - Myrtle Beach 1
TOP OF THE 2ND
Lannister United Lionhearts batting - Pitching for Myrtle Beach Mermen : RHP Juan Martínez
Now at 3B: Avery Little
Batting: LHB Aurelio Aurillo 0-0: Foul Ball, location: 2F
0-1: Ground out 5-3 (Groundball, 56)
Batting: RHB Carlos Pacheco 0-0: Swinging Strike
0-1: Foul Ball, location: 2F
0-2: Foul Ball, location: 2F
0-2: Strikes out looking
Batting: RHB Pedro Herrera 0-0: Called Strike
0-1: Foul Ball, location: 2F
0-2: Ground out 1-3 (Groundball, 23)
Top of the 2nd over - 0 run(s), 0 hit(s), 0 error(s), 0 left on base; Lannister United 0 - Myrtle Beach 1
BOTTOM OF THE 2ND
Myrtle Beach Mermen batting - Pitching for Lannister United Lionhearts : RHP Gonçalo Conxacha
Batting: SHB David Vázquez 0-0: Ball
1-0: Ground out 4-3 (Groundball, 4)
Batting: RHB José Caballero 0-0: Fly out, F6 (Popup, 4M)
Batting: RHB Jorge Reyes 0-0: Foul Ball, location: 2F
0-1: Ball
1-1: SINGLE (Line Drive, 56)
Batting: RHB Matt Love 0-0: Called Strike
0-1: Ball
1-1: Ball
2-1: DOUBLE (Groundball, 5L)
Jorge Reyes to third
Batting: LHB Arturo Acevedo 0-0: Ball
1-0: Foul Ball, location: 2F
1-1: Foul Ball, location: 2F
1-2: Foul Ball, location: 2F
1-2: Ball
2-2: Ball
3-2: Fly out, F6 (Popup, 6D)
Bottom of the 2nd over - 0 run(s), 2 hit(s), 0 error(s), 2 left on base; Lannister United 0 - Myrtle Beach 1
TOP OF THE 3RD
Lannister United Lionhearts batting - Pitching for Myrtle Beach Mermen : RHP Juan Martínez
Batting: RHB José Cruz 0-0: Ball
1-0: Ball
2-0: Called Strike
2-1: Called Strike
2-2: Strikes out swinging
Batting: LHB Gabriel Córdova 0-0: Called Strike
0-1: Ball
1-1: Foul Ball, location: 2F
1-2: Strikes out looking
Batting: RHB Javier Chávez 0-0: Fly out, F9 (Flyball, 9M)
Top of the 3rd over - 0 run(s), 0 hit(s), 0 error(s), 0 left on base; Lannister United 0 - Myrtle Beach 1
BOTTOM OF THE 3RD
Myrtle Beach Mermen batting - Pitching for Lannister United Lionhearts : RHP Gonçalo Conxacha
Batting: RHB Álex Rodríguez 0-0: Called Strike
0-1: SINGLE (Groundball, 4MD)
Batting: SHB Avery Little 0-0: Ground out 4-3 (Groundball, 4M)
Álex Rodríguez to second
Batting: LHB Joe Cashmore 0-0: Called Strike
0-1: 2-RUN HOME RUN (Flyball, 89XD), Distance : 408 ft
Batting: RHB Javier Robles 0-0: Called Strike
0-1: Foul Ball, location: 2F
0-2: Ball
1-2: Ball
2-2: SINGLE (Groundball, 5L)
Batting: SHB David Vázquez 0-0: Ground out 4-3 (Groundball, 4M)
Javier Robles to second
Batting: RHB José Caballero 0-0: Ball
1-0: Ball
2-0: Ground out 6-3 (Groundball, 6)
Bottom of the 3rd over - 2 run(s), 3 hit(s), 0 error(s), 1 left on base; Lannister United 0 - Myrtle Beach 3
TOP OF THE 4TH
Lannister United Lionhearts batting - Pitching for Myrtle Beach Mermen : RHP Juan Martínez
Batting: RHB Curt Johnston 0-0: Called Strike
0-1: Foul Ball, location: 2F
0-2: Ball
1-2: Strikes out swinging
Batting: LHB Kenko Ueda 0-0: Ball
1-0: SINGLE (Groundball, 25) (infield hit)
Batting: RHB Edgar Carrillo 0-0: Ball
1-0: Foul Ball, location: 2F
1-1: Called Strike
1-2: Foul Ball, location: 2F
1-2: Ball
2-2: Strikes out looking
Batting: LHB Aurelio Aurillo 0-0: Swinging Strike
0-1: Foul Ball, location: 2F
0-2: Ball
1-2: Ball
2-2: Strikes out looking
Top of the 4th over - 0 run(s), 1 hit(s), 0 error(s), 1 left on base; Lannister United 0 - Myrtle Beach 3
BOTTOM OF THE 4TH
Myrtle Beach Mermen batting - Pitching for Lannister United Lionhearts : RHP Gonçalo Conxacha
Batting: RHB Jorge Reyes 0-0: Called Strike
0-1: Ball
1-1: Swinging Strike
1-2: Foul Ball, location: 2F
1-2: SINGLE (Line Drive, 56D)
Batting: RHB Matt Love 0-0: Called Strike
0-1: Ball
1-1: Ball
2-1: Ground out 4-3 (Groundball, 4S)
Jorge Reyes to second
Batting: LHB Arturo Acevedo 0-0: Ball
1-0: Swinging Strike
1-1: Foul Ball, location: 2F
1-2: Strikes out looking
Batting: RHB Álex Rodríguez 0-0: Called Strike
0-1: Ball
1-1: Called Strike
1-2: Ball
2-2: Ball
3-2: Fly out, F7 (Flyball, 78XD)
Bottom of the 4th over - 0 run(s), 1 hit(s), 0 error(s), 1 left on base; Lannister United 0 - Myrtle Beach 3
TOP OF THE 5TH
Lannister United Lionhearts batting - Pitching for Myrtle Beach Mermen : RHP Juan Martínez
Batting: RHB Carlos Pacheco 0-0: Ball
1-0: Foul Ball, location: 2F
1-1: Ball
2-1: Ball
3-1: Foul Ball, location: 2F
3-2: SINGLE (Groundball, 4M)
Batting: RHB Pedro Herrera 0-0: Ball
1-0: Bunted foul
1-1: Ball
2-1: Sac Bunt - play at first, batter OUT! U3
Carlos Pacheco to second
Batting: RHB José Cruz 0-0: Ball
1-0: Ball
2-0: Ball
3-0: Base on Balls
Batting: LHB Gabriel Córdova 0-0: Called Strike
0-1: Grounds into double play, 4-6-3 (Groundball, 4)
Top of the 5th over - 0 run(s), 1 hit(s), 0 error(s), 1 left on base; Lannister United 0 - Myrtle Beach 3
BOTTOM OF THE 5TH
Myrtle Beach Mermen batting - Pitching for Lannister United Lionhearts : RHP Gonçalo Conxacha
Batting: SHB Avery Little 0-0: Ball
1-0: Ground out 6-3 (Groundball, 6MS)
Batting: LHB Joe Cashmore 0-0: Called Strike
0-1: Ball
1-1: Called Strike
1-2: Ball
2-2: Ball
3-2: Ground out 3-1 (Groundball, 34S)
Batting: RHB Javier Robles 0-0: Ball
1-0: Ground out 2-3 (Groundball, 25)
Bottom of the 5th over - 0 run(s), 0 hit(s), 0 error(s), 0 left on base; Lannister United 0 - Myrtle Beach 3
TOP OF THE 6TH
Lannister United Lionhearts batting - Pitching for Myrtle Beach Mermen : RHP Juan Martínez
Batting: RHB Javier Chávez 0-0: Hit by Pitch
Batting: RHB Curt Johnston 0-0: Ball
1-0: Called Strike
1-1: Foul Ball, location: 2F
1-2: Ball
Javier Chávez steals 2nd base
2-2: Ground out 3-1 (Groundball, 34)
Javier Chávez to third
Batting: LHB Kenko Ueda 0-0: Fly out, F7 (Flyball, 7S)
Batting: RHB Edgar Carrillo 0-0: Called Strike
0-1: Ball
1-1: Fly out, F4 (Popup, 4MD)
Top of the 6th over - 0 run(s), 0 hit(s), 0 error(s), 1 left on base; Lannister United 0 - Myrtle Beach 3
BOTTOM OF THE 6TH
Myrtle Beach Mermen batting - Pitching for Lannister United Lionhearts : RHP Gonçalo Conxacha
Batting: SHB David Vázquez 0-0: Ball
1-0: Ground out 4-3 (Groundball, 34)
Batting: RHB José Caballero 0-0: Ball
1-0: Ground out 5-3 (Groundball, 5)
Batting: RHB Jorge Reyes 0-0: Called Strike
0-1: Reached on Error, E7 (Flyball, 78M)
Batting: RHB Matt Love 0-0: Ball
1-0: Ball
2-0: Foul Ball, location: 2F
2-1: Ground out 6-3 (Groundball, 6)
Bottom of the 6th over - 0 run(s), 0 hit(s), 1 error(s), 1 left on base; Lannister United 0 - Myrtle Beach 3
TOP OF THE 7TH
Lannister United Lionhearts batting - Pitching for Myrtle Beach Mermen : RHP Juan Martínez
Batting: LHB Aurelio Aurillo 0-0: Swinging Strike
0-1: Ground out 4-3 (Groundball, 4)
Batting: RHB Carlos Pacheco 0-0: Ball
1-0: Foul Ball, location: 2F
1-1: Ball
2-1: Ball
3-1: Ground out 5-3 (Groundball, 56)
Batting: RHB Pedro Herrera 0-0: Called Strike
0-1: Ball
1-1: Ball
2-1: SINGLE (Groundball, 6MD)
Batting: RHB José Cruz 0-0: Called Strike
0-1: Ground out 2-3 (Groundball, 23)
Top of the 7th over - 0 run(s), 1 hit(s), 0 error(s), 1 left on base; Lannister United 0 - Myrtle Beach 3
BOTTOM OF THE 7TH
Myrtle Beach Mermen batting - Pitching for Lannister United Lionhearts : RHP Gonçalo Conxacha
Batting: LHB Arturo Acevedo 0-0: Fly out, F6 (Popup, 6D)
Batting: RHB Álex Rodríguez 0-0: Swinging Strike
0-1: Fly out, F8 (Flyball, 8LD)
Batting: SHB Avery Little 0-0: SINGLE (Line Drive, 7LS)
Pitching: LHP Manuel Franco
Batting: LHB Joe Cashmore 0-0: Ball
1-0: Ground out 1-3 (Groundball, 15)
Bottom of the 7th over - 0 run(s), 1 hit(s), 0 error(s), 1 left on base; Lannister United 0 - Myrtle Beach 3
TOP OF THE 8TH
Lannister United Lionhearts batting - Pitching for Myrtle Beach Mermen : RHP Juan Martínez
Batting: LHB Gabriel Córdova 0-0: Foul Ball, location: 2F
0-1: Swinging Strike
0-2: Ball
1-2: Ball
2-2: Fly out, F7 (Flyball, 78M)
Batting: RHB Javier Chávez 0-0: Fly out, F9 (Flyball, 89S)
Batting: RHB Curt Johnston 0-0: Ball
1-0: Ball
2-0: Foul Ball, location: 2F
2-1: Called Strike
2-2: SINGLE (Line Drive, 8RS)
Batting: LHB Kenko Ueda 0-0: Called Strike
0-1: Swinging Strike
0-2: Ball
1-2: Strikes out swinging
Top of the 8th over - 0 run(s), 1 hit(s), 0 error(s), 1 left on base; Lannister United 0 - Myrtle Beach 3
BOTTOM OF THE 8TH
Myrtle Beach Mermen batting - Pitching for Lannister United Lionhearts : LHP Manuel Franco
Batting: RHB Javier Robles 0-0: Ball
1-0: Ball
2-0: DOUBLE (Line Drive, 5D)
Batting: SHB David Vázquez 0-0: SINGLE (Groundball, 6MD)
Javier Robles to third
Runner from 3rd tries for Home, SAFE, throw made home
David Vázquez to second
Batting: RHB José Caballero 0-0: Ground out 5-3 (Groundball, 56S)
David Vázquez to third
Batting: RHB Jorge Reyes 0-0: Called Strike
0-1: Foul Ball, location: 2F
0-2: Strikes out swinging
Batting: RHB Matt Love 0-0: Ball
1-0: Foul Ball, location: 2F
1-1: SINGLE (Groundball, 56D)
David Vázquez scores
Pitching: RHP Ryan Bentley
Batting: LHB Arturo Acevedo 0-0: Ball
1-0: Foul Ball, location: 2F
1-1: SINGLE (Groundball, 6MD)
Matt Love to second
Batting: RHB Álex Rodríguez 0-0: Called Strike
0-1: Ball
1-1: Fly out, F9 (Flyball, 9D)
Bottom of the 8th over - 2 run(s), 4 hit(s), 0 error(s), 2 left on base; Lannister United 0 - Myrtle Beach 5
TOP OF THE 9TH
Lannister United Lionhearts batting - Pitching for Myrtle Beach Mermen : RHP Juan Martínez
Pitching: RHP Kenny Ryan
Batting: RHB Edgar Carrillo 0-0: Called Strike
0-1: Ball
1-1: SINGLE (Line Drive, 78S)
Batting: LHB Aurelio Aurillo 0-0: Fly out, F8 (Flyball, 8LXD)
Batting: RHB Carlos Pacheco 0-0: Ball
1-0: Ball
2-0: Foul Ball, location: 2F
2-1: Ball
3-1: Base on Balls
Edgar Carrillo to second
Batting: RHB Pedro Herrera 0-0: SINGLE (Groundball, 4)
Edgar Carrillo to third
Carlos Pacheco to second
Pitching: RHP Manuel Carrión
Batting: RHB José Cruz 0-0: Foul Ball, location: 2F
0-1: Swinging Strike
0-2: Ball
1-2: Strikes out swinging
Batting: LHB Gabriel Córdova 0-0: Foul Ball, location: 2F
0-1: Foul Ball, location: 2F
0-2: Ball
1-2: Ground out 6-3 (Groundball, 6)
Top of the 9th over - 0 run(s), 2 hit(s), 0 error(s), 3 left on base; Lannister United 0 - Myrtle Beach 5
This league is powered by Out of the Park Baseball, the baseball management simulation game for PC, Mac and Linux
Friday, April 15th, 2016 - OOTP Baseball 16.9 Build 39